 Dungeon Crawl Stone Soup version 0.22.0 (webtiles) character file.

15867 Inarius the Geomancer (level 12, -2/66 HPs)
             Began as a Gargoyle Earth Elementalist on Aug 11, 2018.
             Was a High Priest of Hepliaklqana.
             Killed from afar by a wizard (32 damage)
             ... with a bolt of cold
             ... on level 13 of the Dungeon.
             The game lasted 00:49:14 (14090 turns).

Inarius the Geomancer (GrEE)                       Turns: 14090, Time: 00:49:14

Health: -2/66      AC: 14    Str: 18      XL:     12   Next: 31%
Magic:  0/39       EV: 10    Int: 20 (21) God:    Hepliaklqana [*****.]
Gold:   167        SH:  0    Dex: 14      Spells: 9/23 levels left

rFire    . . .     SeeInvis +   g - +9 quarterstaff "Joneemyfe" {holy, Str+6}
rCold    . . .     Gourm    .   (shield currently unavailable)
rNeg     + + .     Faith    .   F - +0 scale mail "Raph" {*Corrode rN+ Regen+ Dex+4}
rPois    ∞         Spirit   +   v - +0 mask of the Dragon {MR+ Slay+3 SInv}
rElec    +         Reflect  .   Y - +0 cloak {MR+}
rCorr    .         Harm     .   (no gloves)
MR       ++...                  (no boots)
Stlth    +.........             Z - amulet of guardian spirit
HPRegen  0.61/turn              U - ring of magical power
MPRegen  0.26/turn              L - ring of magical power

@: corroded
A: reduced essence, deterioration 1, mutation resistance 1, negative energy
resistance 1, electricity resistance, unbreathing, petrification resistance, rot
immunity, AC +8
a: Recall Ancestor, Ancestor Identity, Transference, Idealise, Renounce Religion


You were on level 13 of the Dungeon.
You worshipped Hepliaklqana.
Hepliaklqana was extremely pleased with you.
You were very hungry.

You visited 2 branches of the dungeon, and saw 14 of its levels.
You also visited: Labyrinth and Sewer.

You collected 908 gold pieces.
You spent 741 gold pieces at shops.

Inventory:

Hand Weapons
 g - the +9 quarterstaff "Joneemyfe" (weapon) {holy, Str+6}
   (You found it in a labyrinth)

   It has been blessed by the Shining One to cause great damage to the undead
   and demons.
   It affects your strength (+6).
 t - a +2 quarterstaff of chaos
 w - a +2 short sword
Missiles
 b - 221 stones (quivered)
 B - a throwing net
Armour
 r - a +2 cloak
 v - the +0 mask of the Dragon (worn) {MR+ Slay+3 SInv}
   (You found it in a labyrinth)

   It affects your accuracy and damage with ranged weapons and melee attacks
   (+3).
   It affects your resistance to hostile enchantments.
   It lets you see invisible.
 y - the +4 robe of Augmentation {Str+4 Int+4 Dex+4}
   (You found it in a labyrinth)

   It affects your strength (+4).
   It affects your intelligence (+4).
   It affects your dexterity (+4).
 E - the +0 large shield "Zaoguzuxt" {Int+2}
   (You bought it in a shop on level 5 of the Dungeon)

   It affects your intelligence (+2).
 F - the +0 scale mail "Raph" (worn) {*Corrode rN+ Regen+ Dex+4}
   (You found it on level 11 of the Dungeon)

   It affects your dexterity (+4).
   It protects you from negative energy.
   It increases your rate of regeneration.
   It may corrode you when you take damage.
 M - a +2 ring mail of cold resistance
 Y - a +0 cloak of magic resistance (worn)
Jewellery
 p - an uncursed ring of protection from magic
 C - an uncursed ring of see invisible
 L - a ring of magical power (right hand)
 T - an uncursed ring of resist corrosion
 U - a ring of magical power (left hand)
 Z - an amulet of guardian spirit (around neck)
Wands
 h - a wand of flame (28)
 o - a wand of digging (8)
 D - a wand of paralysis (25)
 N - a wand of iceblast (4)
 P - a wand of disintegration (14)
 R - a wand of polymorph (14)
 V - a wand of clouds (5)
 W - a wand of enslavement (21)
Scrolls
 a - 10 scrolls of remove curse
 c - a scroll of enchant weapon
 f - 4 scrolls of fog
 i - 2 scrolls of magic mapping
 j - 4 scrolls of teleportation
 s - 2 scrolls of enchant armour
 u - 2 scrolls of torment
 J - a scroll of random uselessness {unknown}
 K - 2 scrolls of fear
 Q - 3 scrolls of summoning {unknown}
 S - a scroll of vulnerability {unknown}
Potions
 e - 6 potions of flight
 k - 3 potions of brilliance
 l - 2 potions of cancellation {unknown}
 m - 9 potions of curing
 q - a potion of invisibility {unknown}
 x - 4 potions of heal wounds
 z - 4 potions of agility
 A - a potion of might
 G - a potion of resistance {unknown}
 H - 2 potions of haste
 O - 2 potions of magic {unknown}
 X - 2 potions of ambrosia {unknown}
Comestibles
 d - 29 rations
 n - 3 chunks of flesh


   Skills:
 * Level 8.2 Fighting
 - Level 0.3 Short Blades
 - Level 0.3 Staves
 * Level 7.1 Armour
 - Level 1.6 Dodging
 - Level 2.1 Stealth
 * Level 4.2 Shields
 + Level 6.2 Spellcasting
 * Level 9.3 Conjurations
   Level 0.7 Transmutations
 * Level 14.1 Earth Magic
 * Level 3.5 Invocations
 + Level 1.2 Evocations


You had 9 spell levels left.
You knew the following spells:

 Your Spells              Type           Power        Failure   Level  Hunger
a - Sandblast             Erth           ######       1%          1    None
b - Stone Arrow           Conj/Erth      ######       1%          3    ##.....
c - Lee's Rapid Deconstr  Erth           ######....   2%          5    #####..
d - Bolt of Magma         Conj/Fire/Erth #####.....   32%         5    #####..

Your spell library contained the following spells:

 Spells                   Type           Power        Failure   Level  Hunger
 Magic Dart               Conj           ####         1%          1    None
 Conjure Flame            Conj/Fire      ####....     12%         3    ##.....
 Bolt of Fire             Conj/Fire      ####......   99%         6    #######
 Slow                     Hex            #.......     41%         2    None
 Freezing Cloud           Conj/Ice/Air   ###.......   100%        6    #######
 Mephitic Cloud           Conj/Pois/Air  ###.....     24%         3    ##.....
 Venom Bolt               Conj/Pois      ####......   75%         5    #####..
 Blink                    Tloc           N/A          41%         2    None
 Iskenderun's Mystic Bla  Conj           #####...     6%          4    ####...
 Call Imp                 Summ           #.......     41%         2    None
 Shock                    Conj/Air       ####         4%          1    None
 Passwall                 Tmut/Erth      #####...     1%          2    None
 Metabolic Englaciation   Hex/Ice        #.........   100%        5    #####..
 Static Discharge         Conj/Air       ####....     12%         3    ##.....
 Conjure Ball Lightning   Conj/Air       ####......   99%         6    #######
 Petrify                  Tmut/Erth      #####...     13%         4    ####...
 Fulminant Prism          Conj/Hex       ####......   38%         4    ####...
 Force Lance              Conj/Tloc      ####....     38%         4    ####...


Dungeon Overview and Level Annotations

Branches:
Dungeon (13/15)            Temple (0/1) D:5            Lair (1/6) D:8
    Orc (0/2) D:10
 Vaults: D:13-14

Altars:
Elyvilon
Fedhas
Hepliaklqana
Kikubaaqudgha
Makhleb
Qazlal
Uskayaw
Yredelemnul
The Shining One

Shops:
D:5 [![%   D:7 ?   D:8 ?   D:10 ?


Innate Abilities, Weirdness & Mutations

You are resistant to torment.
Your stone body is resilient. (AC +8)
You are immune to poison.
You resist negative energy. (rN+)
You are resistant to electric shocks. (rElec)
You can survive without breathing.
You are immune to petrification.
You are immune to rotting.
Your life essence is reduced to manifest your ancestor. (-10% HP)
Your body sometimes deteriorates upon taking damage.
You are somewhat resistant to further mutation.


Message History

Casting: Stone Arrow (safe; 1% risk of failure)
Confirm with . or Enter, or press ? or * to list all spells.
Aiming: Stone Arrow (safe; 1% risk of failure)
Press: ? - help, Shift-Dir - straight line, f/p - wizard
Aim: a wizard, wielding a war axe and wearing a robe (severely wounded)
The stone arrow hits the wizard.
The wizard is almost dead.
You are feeling very hungry.
A hound comes into view.
Publia hits the acid dragon with a flail!
The acid dragon dies!
The wizard gestures at you while chanting.
The crystal spear hits you!
* * * LOW HITPOINT WARNING * * *
You feel much better. The hound closely misses you.
Publia blocks the wyvern skeleton's attack.
The hound barely misses you.
The wizard points at you and mumbles some strange words.
The bolt of cold hits you!
You die...

..... #...# #######
###...# ...... .....
..... ... #...# #.#
#...# #Z# #<..# #R#
#####...# #@########
.......<######hp)......
................)......
..#########....[.......
#............
..#########............
.......))..............
#......))..)..#########
#...########..#


You could see the friendly Publia the knight, a wizard, a hound and a wyvern
skeleton.

Vanquished Creatures
  A minotaur (Lab)
  A hydra (D:11)
  A centaur warrior (D:12)
  2 two-headed ogres
  An unseen horror (D:11)
  An ugly thing (D:11)
  A centaur zombie (D:13)
  Maurice (D:10)
  A centaur skeleton (D:11)
  2 ice devils (D:11)
  A kobold demonologist (D:11)
  A minotaur zombie (Lab)
  A hornet (D:8)
  Prince Ribbit (D:6)
  2 trolls (D:11)
  4 hippogriffs
  A wraith (D:10)
  Eustachio (D:5)
  2 basilisks (Lab)
  A wyvern (D:9)
  A hungry ghost (D:10)
  Menkaure (D:5)
  2 orc warriors (D:13)
  A swamp drake (D:10)
  3 sky beasts
  A phantom (D:9)
  3 ice beasts
  5 ogres
  A centaur (D:5)
  3 crocodiles
  6 bullfrogs
  2 scorpions
  11 killer bees (D:12)
  4 wights (D:10)
  An electric eel (D:12)
  4 crimson imps
  2 bullfrog skeletons
  10 orc wizards
  4 hounds
  6 orc priests
  Crazy Yiuf (D:2)
  2 iguanas
  Ijyb (D:5)
  Natasha (twice) (D:3)
  3 worker ants
  4 hound zombies
  2 hound skeletons
  A worker ant zombie (D:5)
  A howler monkey zombie (D:11)
  A howler monkey skeleton (D:10)
  10 adders
  7 river rats
  3 shadow imps
  An adder zombie (D:8)
  An adder skeleton (D:2)
  A worm (D:2)
  3 dart slugs
  3 leopard geckos
  39 orcs
  8 bats
  3 giant cockroaches
  14 goblins
  11 hobgoblins
  5 jackals
  19 kobolds
  2 quokkas
  8 ball pythons
  4 frilled lizards
  A giant cockroach zombie (D:5)
  2 quokka skeletons
  11 rats
  A rat zombie (D:5)
273 creatures vanquished.

Vanquished Creatures (collateral kills)
  A gargoyle (D:10)
  A hippogriff (D:9)
  A shadow (D:10)
  A hungry ghost (D:8)
  2 basilisks (Lab)
  An acid dragon (D:13)
  2 orc warriors
  A necrophage (D:8)
  2 ogres
  An eye of draining (D:10)
  A big kobold (Sewer)
  A killer bee (D:12)
  A crimson imp (D:8)
  A jelly (D:8)
  A hound (D:4)
  2 bullfrog skeletons
  A centaur skeleton (D:9)
  2 orc priests
  An iguana (D:11)
  3 orc wizards
  2 worker ants
  An adder (D:5)
  3 river rats (Sewer)
  A shadow imp (D:8)
  An ooze (D:6)
  10 orcs
  A jackal (D:6)
  2 kobolds (Sewer)
  2 quokkas (D:7)
  9 rats (Sewer)
59 creatures vanquished.

Vanquished Creatures (others)
  Fannar (D:10)
  3 knights
  8 plants (D:12)
12 creatures vanquished.

Grand Total: 344 creatures vanquished

Notes
Turn   | Place    | Note
-------+----------+-------------------------------------------
     0 | D:1      | Inarius the Gargoyle Earth Elementalist began the quest for the Orb.
     0 | D:1      | Reached XP level 1. HP: 10/10 MP: 3/3
   105 | D:1      | Reached skill level 4 in Earth Magic
   172 | D:1      | Reached XP level 2. HP: 16/16 MP: 5/5
   533 | D:1      | Reached XP level 3. HP: 2/20 MP: 2/6
   975 | D:1      | Learned a level 3 spell: Stone Arrow
  1226 | D:2      | Reached skill level 1 in Fighting
  1717 | D:2      | Reached XP level 4. HP: 25/25 MP: 5/7
  1750 | D:2      | Found a runed door.
  2089 | D:2      | Found a glowing golden altar of the Shining One.
  2314 | D:2      | Reached skill level 5 in Earth Magic
  2475 | D:2      | Noticed Crazy Yiuf
  2478 | D:2      | Killed Crazy Yiuf
  2547 | D:3      | Reached XP level 5. HP: 29/29 MP: 9/9
  2655 | D:3      | Reached skill level 1 in Conjurations
  2806 | D:3      | Reached skill level 1 in Armour
  2986 | D:3      | Noticed Natasha
  2989 | D:3      | Killed Natasha
  3225 | D:3      | Found a hazy altar of Hepliaklqana.
  3225 | D:3      | Found a faded altar of an unknown god.
  3240 | D:3      | Found a burning altar of Makhleb.
  3242 | D:3      | Became a worshipper of Hepliaklqana the Forgotten
  3259 | D:3      | Found a blossoming altar of Fedhas.
  3261 | D:3      | Found a white marble altar of Elyvilon.
  3406 | D:3      | Noticed Natasha
  3416 | D:3      | Killed Natasha
  3664 | D:4      | Reached XP level 6. HP: 18/32 MP: 10/10
  3696 | D:4      | Learned a level 5 spell: Lee's Rapid Deconstruction
  3815 | D:4      | Reached skill level 6 in Earth Magic
  3846 | D:4      | Reached XP level 7. HP: 34/36 MP: 2/11
  3943 | D:4      | Found a glowing drain.
  3954 | Sewer    | Entered a sewer
  4313 | Sewer    | Reached * piety under Hepliaklqana
  4745 | D:4      | Reached skill level 7 in Earth Magic
  4813 | D:5      | Entered Level 5 of the Dungeon
  4826 | D:5      | Noticed a hippogriff
  4830 | D:5      | Noticed Ijyb
  4833 | D:5      | Killed a hippogriff
  4833 | D:5      | Reached XP level 8. HP: 40/41 MP: 8/14
  5065 | D:5      | Found Kiafes's Food Emporium.
  5131 | D:5      | Killed Ijyb
  5215 | D:5      | Found a basalt altar of Yredelemnul.
  5216 | D:5      | Found Ciennita's Armour Emporium.
  5220 | D:5      | Reached skill level 8 in Earth Magic
  5229 | D:5      | Bought the cursed +0 large shield "Zaoguzuxt" {Int+2} for 127 gold pieces
  5272 | D:5      | Noticed Menkaure
  5302 | D:5      | Killed Menkaure
  5366 | D:5      | Found Ozyoca's Antique Armour Shop.
  5392 | D:5      | Bought a spiked ring mail for 198 gold pieces
  5402 | D:5      | Identified the +2 ring mail "Unuxtic" {rF+ Regen+ Int-4 SInv} (You bought it in a shop on level 5 of the Dungeon)
  5490 | D:5      | Noticed Eustachio
  5501 | D:5      | Killed Eustachio
  5526 | D:5      | Found a staircase to the Ecumenical Temple.
  5587 | D:5      | Found Fusafruri's Distillery.
  5619 | D:5      | Found an ancient bone altar of Kikubaaqudgha.
  5819 | D:6      | Reached XP level 9. HP: 46/46 MP: 12/16
  5856 | D:6      | Reached skill level 9 in Earth Magic
  5992 | D:6      | Reached skill level 5 in Spellcasting
  6014 | D:6      | Noticed Prince Ribbit
  6245 | D:6      | Killed Prince Ribbit
  6468 | D:7      | Reached ** piety under Hepliaklqana
  6469 | D:7      | Remembered your ancestor Publia as a knight
  6500 | D:7      | Found Othin's Magic Scroll Emporium.
  6526 | D:7      | Reached skill level 5 in Fighting
  6832 | D:7      | Found a basalt altar of Yredelemnul.
  6848 | D:7      | Reached skill level 10 in Earth Magic
  6856 | D:7      | Reached skill level 5 in Conjurations
  7644 | D:5      | Bought a glowing ring mail for 154 gold pieces
  7808 | D:8      | Found a hide-covered altar of Uskayaw.
  7827 | D:8      | Reached skill level 5 in Armour
  7868 | D:8      | Found a staircase to the Lair.
  7875 | D:8      | Reached skill level 11 in Earth Magic
  7881 | Lair:1   | Entered Level 1 of the Lair of Beasts
  7930 | D:7      | Gained mutation: Armour fits poorly on your strangely shaped body. [potion of mutation]
  7930 | D:7      | Gained mutation: Your body sometimes deteriorates upon taking damage. [potion of mutation]
  7930 | D:7      | Gained mutation: Your flesh is heat resistant. (rF+) [potion of mutation]
  7930 | D:7      | Gained mutation: You are partially covered in thin metallic scales. (AC +2) [potion of mutation]
  7931 | D:7      | Lost mutation: Your body sometimes deteriorates upon taking damage. [potion of mutation]
  7931 | D:7      | Lost mutation: Armour fits poorly on your strangely shaped body. [potion of mutation]
  7931 | D:7      | Gained mutation: You are somewhat resistant to further mutation. [potion of mutation]
  7931 | D:7      | Gained mutation: Scrolls take you a little longer to read. [potion of mutation]
  7932 | D:7      | Lost mutation: Scrolls take you a little longer to read. [potion of mutation]
  7932 | D:7      | Lost mutation: You are somewhat resistant to further mutation. [potion of mutation]
  7932 | D:7      | Lost mutation: You are partially covered in thin metallic scales. (AC +2) [potion of mutation]
  7932 | D:7      | Lost mutation: Your flesh is heat resistant. (rF+) [potion of mutation]
  7932 | D:7      | Gained mutation: Your spells are a little easier to cast, but a little less powerful. [potion of mutation]
  7932 | D:7      | Gained mutation: You are agile. (Dex +2) [potion of mutation]
  7960 | D:8      | Noticed a hornet
  7965 | D:8      | Killed a hornet
  7965 | D:8      | Reached XP level 10. HP: 45/54 MP: 4/17
  8100 | D:8      | Reached *** piety under Hepliaklqana
  8162 | D:8      | Found Poocyan's Magic Scroll Shoppe.
  8897 | D:9      | Noticed a two-headed ogre
  8909 | D:9      | Killed a two-headed ogre
  9374 | D:9      | Reached **** piety under Hepliaklqana
  9414 | D:9      | Reached skill level 12 in Earth Magic
  9502 | D:10     | Entered Level 10 of the Dungeon
  9619 | D:10     | Noticed Fannar
  9642 | D:10     | Killed Fannar
  9934 | D:10     | Noticed a two-headed ogre
 10129 | D:10     | Killed a two-headed ogre
 10129 | D:10     | Reached skill level 1 in Shields
 10129 | D:10     | Reached XP level 11. HP: 57/60 MP: 9/18
 10229 | D:10     | Found Biomie's Magic Scroll Shop.
 10362 | D:5      | Bought 2 potions of mutation for 240 gold pieces
 10362 | D:5      | Lost mutation: You are agile. (Dex +2) [potion of mutation]
 10362 | D:5      | Lost mutation: Your spells are a little easier to cast, but a little less powerful. [potion of mutation]
 10362 | D:5      | Gained mutation: You are frail. (-10% HP) [potion of mutation]
 10362 | D:5      | Gained mutation: Your muscles are strong. (Str +2) [potion of mutation]
 10362 | D:5      | Gained mutation: Your body sometimes deteriorates upon taking damage. [potion of mutation]
 10362 | D:5      | Gained mutation: You are somewhat resistant to further mutation. [potion of mutation]
 10363 | D:5      | Lost mutation: You are frail. (-10% HP) [potion of mutation]
 10363 | D:5      | Lost mutation: Your muscles are strong. (Str +2) [potion of mutation]
 10519 | D:10     | Reached skill level 13 in Earth Magic
 11012 | D:10     | Noticed Maurice
 11021 | D:10     | Killed Maurice
 11156 | D:10     | Reached skill level 1 in Invocations
 11341 | D:10     | Bought a scroll of identify for 22 gold pieces
 11435 | D:10     | Found a staircase to the Orcish Mines.
 11669 | D:11     | Found a labyrinth entrance.
 11678 | Lab      | Entered a labyrinth
 11681 | Lab      | Reached ***** piety under Hepliaklqana
 12048 | Lab      | Noticed a minotaur
 12049 | Lab      | Found the +0 mask of the Dragon {MR+ Slay+3 SInv}
 12067 | Lab      | Killed a minotaur
 12350 | Lab      | Found the +4 robe of Augmentation {Str+4 Int+4 Dex+4}
 12358 | Lab      | Got a scorched quarterstaff
 12359 | Lab      | Identified the +9 quarterstaff "Joneemyfe" {holy, Str+6} (You found it in a labyrinth)
 12494 | D:11     | Reached skill level 1 in Evocations
 12624 | D:11     | Noticed an unseen horror
 12629 | D:11     | Killed an unseen horror
 12791 | D:11     | Noticed a brown ugly thing
 12797 | D:11     | Killed a brown ugly thing
 12797 | D:11     | Reached XP level 12. HP: 65/65 MP: 20/20
 12871 | D:11     | Noticed an eight-headed hydra
 12876 | D:11     | Killed an eight-headed hydra
 12880 | D:11     | Got an ancient scale mail
 12943 | D:11     | Identified the +0 scale mail "Raph" {*Corrode rN+ Regen+ Dex+4} (You found it on level 11 of the Dungeon)
 13208 | D:12     | Noticed a centaur warrior
 13216 | D:12     | Killed a centaur warrior
 13216 | D:12     | Reached skill level 14 in Earth Magic
 13402 | D:12     | Found a stormy altar of Qazlal.
 13820 | D:12     | Identified 2 scrolls of acquirement
 13821 | D:12     | Identified the Almanac of Hurtful Execration (You acquired it on level 12 of the Dungeon)
 13826 | D:12     | Identified Mig Qeohu's Papyrus of Arcane Weapons (You acquired it on level 12 of the Dungeon)
 13836 | D:12     | Learned a level 5 spell: Bolt of Magma
 14090 | D:13     | Killed from afar by a wizard

Skill      XL: |  1  2  3  4  5  6  7  8  9 10 11 12 |
---------------+-------------------------------------+-----
Earth Magic    | 4 5 6 7 8 11 12 13 14 | 14.1
Fighting       | 1 2 3 4 5 7 8 |  8.2
Conjurations   | 1 2 3 4 5 7 9 |  9.3
Armour         | 2 3 4 5 6 7 |  7.1
Spellcasting   | 3 4 5 6 |  6.2
Shields        | 1 3 4 |  4.2
Invocations    | 2 3 |  3.5
Evocations     | 1 |  1.2
Short Blades   | |  0.3
Staves         | |  0.3
Dodging        | |  1.6
Stealth        | |  2.1
Transmutations | |  0.7

Action                   |  1- 3 |  4- 6 |  7- 9 | 10-12 || total
-------------------------+-------+-------+-------+-------++-------
Melee: Dagger            |    97 |    22 |       |       ||   119
       Quarterstaff      |       |    90 |   198 |   170 ||   458
 Cast: Sandblast         |    20 |    30 |    68 |     3 ||   121
       Stone Arrow       |     1 |     2 |    30 |   113 ||   146
       Lee's Rapid Decon |       |       |     2 |    19 ||    21
Invok: Recall Ancestor   |       |       |     1 |     2 ||     3
       Ancestor Life: Kn |       |       |     1 |       ||     1
Evoke: Wand              |       |       |       |    12 ||    12
  Use: Scroll            |       |       |     9 |    12 ||    21
       Potion            |       |       |     3 |     9 ||    12
 Stab: Sleeping          |     1 |     1 |       |       ||     2
       Paralysed         |       |       |       |     6 ||     6
       Distracted        |       |       |       |     3 ||     3
  Eat: Chunk             |     3 |     7 |    22 |    22 ||    54
       Ration            |       |       |       |     2 ||     2
Armor: Robe              |    44 |     1 |       |    18 ||    63
       Leather armour    |       |     7 |       |       ||     7
       Ring mail         |       |    24 |   100 |    93 ||   217
       Scale mail        |       |    29 |    76 |    44 ||   149
Dodge: Dodged            |    73 |    71 |   136 |   135 ||   415
